 Dungeon Crawl Stone Soup version 0.30-a0-867-g305f33218d (webtiles) character file.

Game seed: 11758337181160841241

1683 cforsyth the Thaumaturge (level 8, -4/41 HPs)
             Began as a Deep Elf Earth Elementalist on Mar 10, 2023.
             Was an Initiate of Vehumet.
             Slain by Duvessa
             ... wielding a +0 rapier
              (10 damage)
             ... on level 7 of the Dungeon.
             The game lasted 00:09:37 (6185 turns).

cforsyth the Thaumaturge (DEEE)                     Turns: 6185, Time: 00:09:37

Health: -4/41      AC:  9    Str: 11    XL:     8   Next: 71%
Magic:  24/24      EV: 12    Int: 23    God:    Vehumet [......]
Gold:   216        SH:  0    Dex: 15    Spells: 27/28 levels left

rFire   . . .      SeeInvis +    h - +5 spear "Qiacw" {flame, rPois}
rCold   . . .      Faith    .    f - orb {light}
rNeg    . . .      Spirit   .    y - +3 leather armour
rPois   +          Reflect  .    s - +0 helmet
rElec   .          Rampage  .    (no cloak)
rCorr   .                        e - +0 pair of gloves
Will    .....                    x - +0 pair of boots
Stlth   +                        (no amulet)
HPRegen 0.26/turn                o - +6 ring of strength
MPRegen 0.19/turn                v - ring of see invisible

@: glowing
A: no striking features
a: Renounce Religion


You were on level 7 of the Dungeon.
You worshipped Vehumet.
Vehumet was noncommittal.
You visited 2 branches of the dungeon, and saw 8 of its levels.

You collected 349 gold pieces.
You spent 133 gold pieces at shops.

Inventory:

Hand Weapons
 h - the +5 spear "Qiacw" (weapon) {flame, rPois}
   (You found it on level 2 of the Dungeon)

   rPois:     It protects you from poison.
Missiles
 D - a throwing net
Armour
 e - a +0 pair of gloves (worn)
 f - an orb of light (worn)
 s - a +0 helmet (worn)
 x - a +0 pair of boots (worn)
 y - a +3 leather armour (worn)
Magical Staves
 F - a staff of conjuration
Jewellery
 o - a +6 ring of strength (left hand)
 v - a ring of see invisible (right hand)
 G - a +4 ring of protection
 I - a ring of fire
Wands
 a - a wand of light (10)
Scrolls
 c - a scroll of enchant weapon {unknown}
 g - 7 scrolls of identify {unknown}
 i - 3 scrolls of fear {unknown}
 k - a scroll of blinking {unknown}
 m - 5 scrolls of teleportation {unknown}
 n - a scroll of vulnerability {unknown}
 q - 2 scrolls of noise {unknown}
 t - a scroll of summoning {unknown}
 w - a scroll of poison {unknown}
 C - 2 scrolls of magic mapping {unknown}
 E - a scroll of enchant armour {unknown}
Potions
 b - a potion of magic
 d - a potion of cancellation {unknown}
 j - 3 potions of mutation {unknown}
 l - 2 potions of ambrosia {unknown}
 p - 6 potions of curing
 r - a potion of resistance {unknown}
 u - a potion of attraction {unknown}
 z - a potion of haste {unknown}
 A - a potion of berserk rage {unknown}
 B - a potion of flight {unknown}
 H - a potion of heal wounds {unknown}


   Skills:
 - Level 2.4 Dodging
 - Level 2.4 Stealth
 + Level 10.7 Spellcasting
 - Level 1.1 Transmutations
 + Level 9.3 Earth Magic


You had 27 spell levels left.
You knew the following spells:

 Your Spells              Type           Power      Damage    Failure   Level
a - Sandblast             Erth           100%       2d20      1%          1

Your spell library contained the following spells:

 Spells                   Type           Power      Damage    Failure   Level
 Passwall                 Tmut/Erth      30%        N/A       1%          2
 Stone Arrow              Conj/Erth      66%        3d11      3%          3
 Magic Dart               Conj           48%        1d5       7%          1
 Slow                     Hex            48%        N/A       7%          1
 Petrify                  Tmut/Erth      36%        N/A       9%          4
 Leda's Liquefaction      Hex/Erth       16%        N/A       10%         4
 Blink                    Tloc           24%        N/A       11%         2
 Call Imp                 Summ           12%        N/A       11%         2
 Cigotuvi's Dreadful Rot  Necr/Pois/Air  24%        N/A       11%         2
 Lesser Beckoning         Tloc           24%        N/A       11%         2
 Momentum Strike          Conj/Tloc      24%        3d8       11%         2
 Scorch                   Fire           24%        2d6       11%         2
 Call Canine Familiar     Summ           12%        N/A       21%         3
 Confusing Touch          Hex            12%        N/A       21%         3
 Gell's Gravitas          Tloc           12%        N/A       21%         3
 Inner Flame              Hex/Fire       12%        N/A       21%         3
 Mephitic Cloud           Conj/Pois/Air  12%        N/A       21%         3
 Portal Projectile        Hex/Tloc       24%        N/A       21%         3
 Teleport Other           Tloc           12%        N/A       21%         3
 Vampiric Draining        Necr           12%        2d6       21%         3
 Dispel Undead            Necr           12%        3d9       56%         4
 Flame Wave               Conj/Fire      12%        2d6       56%         4
 Sticky Flame             Conj/Fire      12%        2d4       56%         4
 Death Channel            Necr           6%         N/A       100%        6
 Summon Cactus Giant      Summ           6%         N/A       100%        6


Dungeon Overview and Level Annotations

Branches:
Dungeon (7/15)             Temple (1/1) D:5

Altars:
Cheibriados
Elyvilon
Gozag
Hepliaklqana
Makhleb
Nemelex Xobeh
Okawaru
Qazlal
Ru
Trog
Uskayaw
Vehumet
Yredelemnul
Zin
The Shining One

Shops:
D:4 :?**[?

Annotations:
D:5 2 transporters
D:7 Dowan, Duvessa


Message History

You can't see any susceptible monsters within range! (Use Z to cast anyway.)
You can't see any susceptible monsters within range! (Use Z to cast anyway.)
Items here: )) [[.
Items here: )) [[.
p - 7 potions of curing (gained 1)
j - 3 viscous black potions (gained 2)
Found a stone staircase leading down.
m - 5 scrolls labelled VESHAL JALOMM (gained 1)
There is a stone staircase leading down here.
There is a stone staircase leading down here.
I - a ring of fire Duvessa and Dowan come into view.
Duvessa is wielding a +0 rapier and carrying a wand of light (6).
Dowan shouts!
There are monsters nearby!
There are monsters nearby!
There are monsters nearby!
There are monsters nearby!
Duvessa zaps a wand.
The bolt of light misses you.
Dowan mumbles some strange words.
Dowan blinks!
Duvessa zaps a wand.
The bolt of light hits you but does no damage.
You are confused.
Duvessa zaps a wand.
The bolt of light hits you!
You are more confused.
You bump into the rock wall.
Duvessa zaps a wand.
The bolt of light hits you!
You feel better.
Dowan gestures at Duvessa while chanting.
Duvessa seems to speed up.
Duvessa zaps a wand.
The bolt of light hits you!
Duvessa zaps a wand.
The bolt of light hits you.
* * * LOW HITPOINT WARNING * * *
The now-empty wand crumbles to dust.
Okay, then.
Duvessa attacks as you move away! Duvessa hits you with a +0 rapier.
* * * LOW HITPOINT WARNING * * *
Duvessa says, "My weaknesses are his strengths!"
Duvessa hits you with a +0 rapier!
You die...

#.# #.##.#.### #.# #####....#...#
############.#####......#####.#
##...............##.###....#...#
...####.............###.##.#.###
#### #.#####....>......##...#
###.### ####.##########.## #.....#
#.# ##...##.# #.....### #@#
##.....#.# #.......#
#e###........# #.....#.#
#.##.........#####
#####.....#.####.##..............
.)).....#.........รท.[.......#####
#######...............)[...## #
###.#.#########......## # #.#.#
##......## ###### #.#.#
##..###.####


You could see Duvessa (fast).

Vanquished Creatures
  A wyvern (D:7)
  Eustachio (D:5)
  A water moccasin (D:4)
  An orc warrior (D:6)
  2 ice beasts
  An ogre (D:4)
  A centaur (D:6)
  A scorpion (D:5)
  A gnoll sergeant (D:6)
  4 wights (D:7)
  A howler monkey (D:6)
  2 orc priests
  4 hounds
  3 iguanas (D:4)
  An orc wizard (D:5)
  6 adders
  5 gnolls
  3 white imps
  An ufetubus (D:5)
  3 dart slugs (D:1)
  14 orcs
  4 ball pythons
  5 endoplasms
  3 giant cockroaches
  7 hobgoblins
  8 jackals (D:2)
  6 kobolds
  A quokka (D:2)
  4 bats
  3 frilled lizards
  9 goblins
  3 rats
110 creatures vanquished.

Notes
Turn   | Place    | Note
-------+----------+-------------------------------------------
     0 | D:1      | cforsyth the Deep Elf Earth Elementalist began the quest
                  | for the Orb.
     0 | D:1      | Reached XP level 1. HP: 10/10 MP: 6/6
   176 | D:1      | Reached XP level 2. HP: 15/15 MP: 5/8
   277 | D:1      | Found a faded altar of an unknown god.
   627 | D:1      | Reached skill level 4 in Spellcasting
   701 | D:2      | Identified the +5 spear "Qiacw" {flame, rPois}
   716 | D:2      | Reached XP level 3. HP: 19/19 MP: 8/10
  1179 | D:2      | You fall into a shaft and drop 1 floor!
  1336 | D:2      | Reached XP level 4. HP: 24/24 MP: 9/12
  1680 | D:3      | Found a hazy altar of Hepliaklqana.
  2169 | D:4      | Found an iron altar of Okawaru.
  2175 | D:4      | Reached skill level 5 in Spellcasting
  2179 | D:4      | Reached skill level 5 in Earth Magic
  2250 | D:4      | Noticed an ogre
  2255 | D:4      | Killed an ogre
  2256 | D:4      | Reached skill level 6 in Spellcasting
  2256 | D:4      | Reached XP level 5. HP: 28/28 MP: 9/15
  2297 | D:4      | Found Izoafo's Magic Scroll Shoppe.
  2469 | D:4      | Found a white marble altar of Elyvilon.
  2511 | D:4      | Found Zomeguho's Assorted Antiques.
  2604 | D:4      | Found Wacaluff's Book Boutique.
  2676 | D:4      | Found Zaotafre's Antique Armour Emporium.
  2683 | D:4      | Bought a faintly glowing leather armour for 133 gold pieces
  2683 | D:4      | Identified the +1 leather armour of Diogg {Dex+3} (You
                  | bought it in a shop on level 4 of the Dungeon)
  2740 | D:4      | Found Apes Gie's Magic Scroll Shop.
  2785 | D:4      | Reached XP level 6. HP: 32/32 MP: 14/17
  2826 | D:4      | Found Tutradgh's Serpentskin Sales.
  2826 | D:4      | Noticed a water moccasin
  2828 | D:4      | Killed a water moccasin
  2833 | D:4      | Reached skill level 7 in Spellcasting
  3081 | D:5      | Entered Level 5 of the Dungeon
  3087 | D:5      | HP: 1/32 [orc priest/divine providence (9)]
  3374 | D:5      | Found a transporter.
  3374 | D:5      | Found a transporter.
  3374 | D:5      | Noticed a gargoyle
  3377 | D:5      | Noticed a shadow
  3431 | D:5      | Found a staircase to the Ecumenical Temple.
  3494 | D:5      | Noticed Eustachio
  3502 | D:5      | Killed Eustachio
  3503 | D:5      | Reached XP level 7. HP: 20/36 MP: 12/20
  3869 | D:5      | Found a sacrificial altar of Ru.
  3869 | D:5      | Found an opulent altar of Gozag.
  3869 | D:5      | Found a glowing silver altar of Zin.
  3871 | D:5      | Noticed a yak
  3977 | D:5      | Reached skill level 8 in Spellcasting
  4006 | D:5      | Found a basalt altar of Yredelemnul.
  4006 | D:5      | Found a burning altar of Makhleb.
  4172 | D:5      | Found a sparkling altar of Nemelex Xobeh.
  4792 | D:6      | Reached skill level 9 in Spellcasting
  4902 | D:6      | Reached XP level 8. HP: 41/41 MP: 20/23
  4944 | D:6      | Found a bloodstained altar of Trog.
  5154 | D:6      | Found a glowing golden altar of the Shining One.
  5331 | Temple   | Entered the Ecumenical Temple
  5415 | Temple   | Became a worshipper of Vehumet
  5825 | D:7      | Reached skill level 10 in Spellcasting
  6164 | D:7      | Noticed Duvessa
  6164 | D:7      | Noticed Dowan
  6185 | D:7      | Slain by Duvessa

Illustrated notes

Levels and vault maps discovered:
D:1:      dpeg_arrival_windows_large_door, layout_rooms,
          shapermc_ecumenical_altar_notcrosses
D:2:      layout_loops_cross
D:3:      layout_loops_ring, mainiacjoe_overflow_tiny_flanked
D:4:      layout_basic, okawaru_ov_weapons_minmay,
          nicolae_overflow_crystal_walls, serial_shops, nicolae_stop_n_shop_1,
          nicolae_shop_crystal, kennysheep_mini_moat, nicolae_shop_statue_plus,
          nicolae_shop_crystal, hangedman_abyss_or_decor_lesser_grid,
          guppyfry_shop_venom
D:5:      nicolae_cairo_tiling, layout_basic, gammafunk_temple_overflow_arena,
          kennysheep_little_box, nicolae_overflow_squiral,
          minmay_temple_entry_large_hall, uniq_eustachio
D:6:      layout_basic, trog_hazing_becter, nicolae_tso_swordbearing_angel,
          grunt_decor_one_mirror, nicolae_concentric_dashed_squares_mild,
          hangedman_glass_teeth
D:7:      layout_loops_ring, uniq_duvessa
Temple:   minmay_temple_curvy_loop

Skill      XL: |  1  2  3  4  5  6  7  8 |
---------------+-------------------------+-----
Spellcasting   | 4 6 7 9 10 | 10.7
Earth Magic    | 4 5 6 7 9 |  9.3
Dodging        | |  2.4
Stealth        | |  2.4
Transmutations | |  1.1

Action                     |  1- 3 |  4- 6 |  7- 9 || total
---------------------------+-------+-------+-------++-------
   Cast: Sandblast         |    55 |    57 |    68 ||   180
    Use: Potion            |       |       |     2 ||     2
 Armour: Robe              |     4 |       |       ||     4
         Leather armour    |       |    10 |    14 ||    24
  Dodge: Dodged            |     8 |    18 |    18 ||    44

Table legend: (Time is in decaauts)
 A = Elapsed time spent in this place.
 B = Non-inter-level travel time spent in this place.
 C = Inter-level travel time spent in this place.
 D = Time resting spent in this place.
 E = Time spent auto-exploring this place.
 F = Levels seen in this place.
 G = Mean time per level.
                   A        B        C        D        E       F      G
               +--------+--------+--------+--------+--------+-----+--------+
         Total |   6274 |   6059 |    215 |    436 |   4799 |   8 |  784.2 |
       Dungeon |   6157 |   5976 |    181 |    436 |   4736 |   7 |  879.6 |
        Temple |    117 |     84 |     33 |      0 |     63 |   1 |  117.0 |
               +--------+--------+--------+--------+--------+-----+--------+

Top non-repeatable levels by time:
     D:6: 1195 daAuts
     D:5: 1176 daAuts
     D:4: 1149 daAuts
     D:2: 839 daAuts
     D:1: 713 daAuts
     D:3: 644 daAuts
     D:7: 438 daAuts
  Temple: 117 daAuts
